 Dungeon Crawl Stone Soup version bcrawl-1.37.2 (webtiles) character file.

Game seed: 7297564433362345308

287837 Mehrunes the Fighter (level 15, -11/122 HPs)
             Began as a Mummy Wizard on Nov 5, 2022.
             Was a High Priest of Vehumet.
             Killed from afar by a water nymph (21 damage)
             ... with a torrent of water
             ... on level 1 of the Shoals.
             The game lasted 02:21:04 (40299 turns).

Mehrunes the Fighter (Mummy Wizard)                Turns: 40299, Time: 02:21:05

Health: -11/122    AC: 16    Str: 11    XL:     15   Next: 44%
Magic:  30/30      EV: 11    Int: 28    God:    Vehumet [*****.]
Gold:   960        SH:  9    Dex: 12    Spells: 0/36 levels left

rFire    x x .     GDR:     28% h - staff of wizardry
rCold    + + +     SeeInvis .   O - +3 buckler {reflect}
rNeg     + + +     Gourm    .   e - +2 ice dragon scales
rPois    ∞         Faith    +   y - +0 Maxwell's etheric cage {RegenMP+ *Contam rElec Stlth-}
rElec    +         Spirit   .   t - +1 cloak
rCorr    .         Reflect  +   (no gloves)
MR       +....     Clarity  +   (no boots)
Stlth    ..........             f - amulet of faith
HPRegen  0.30/turn              p - +6 ring of intelligence MPRegen 1.72/turn*
                                N - ring of wizardry

@: about to teleport, barbed spikes, very slow
A: no food or potions, fire vulnerability, clarity, cold resistance 1, negative
energy resistance 3, torment resistance, unbreathing, strong hexes 1
a: Renounce Religion


You were on level 1 of the Shoals.
You worshipped Vehumet.
Vehumet was extremely pleased with you.
You were not hungry.

You visited 5 branches of the dungeon, and saw 21 of its levels.
You also visited: Ice Cave.

You collected 2096 gold pieces.
You spent 1136 gold pieces at shops.

Inventory:

Hand Weapons
 q - a +6 demon trident of electrocution
 w - a +0 hand crossbow
Missiles
 s - 669 poisoned tomahawks
 x - 2147 bolts
 E - 2 throwing nets (quivered) {=f}
Armour
 a - a +2 robe of magic recovery
 e - +2 ice dragon scales (worn)
 t - a +1 cloak (worn)
 y - the +0 Maxwell's etheric cage (worn) {RegenMP+ *Contam rElec Stlth-}
   (You bought it in a shop in the Orcish Mines)

   It insulates you from electricity.
   It causes magical contamination when unequipped.
   It makes you less stealthy.
 z - a +2 robe of fire resistance
 C - a +0 troll leather armour
 J - a +1 helmet
 O - a +3 buckler of reflection (worn)
Magical Staves
 h - an uncursed staff of wizardry (weapon)
 n - an uncursed staff of fire
Jewellery
 f - an amulet of faith (around neck)
 l - an uncursed ring of protection from magic
 o - an uncursed amulet of the acrobat
 p - a +6 ring of intelligence (left hand)
 u - an uncursed ring of see invisible
 A - an uncursed ring of flight {unknown}
 B - a +3 ring of evasion
 G - an uncursed ring of protection from fire
 L - an uncursed ring of fire
 N - a ring of wizardry (right hand)
Wands
 b - a wand of charming (18)
 d - a wand of paralysis (11)
 D - a wand of polymorph (24)
 F - a wand of iceblast (13)
 I - a wand of flame (19)
 K - a wand of digging (15)
Scrolls
 g - a scroll of teleportation
 i - 7 scrolls of identify
 j - 8 scrolls of remove curse
 k - 4 scrolls of magic mapping
 m - 5 scrolls of noise
 r - a scroll of fog
 v - 4 scrolls of immolation
 H - a scroll of summoning {unknown}


   Skills:
 + Level 12.6 Fighting
 - Level 8.2 Polearms
 + Level 4.3 Armour
 - Level 10.4 Dodging
 - Level 2.1 Stealth
 + Level 5.1 Shields
 - Level 11.0 Spellcasting
 - Level 11.7 Conjurations
   Level 0.7 Summonings
 - Level 0.7 Translocations
 - Level 4.0 Ice Magic
 + Level 4.6 Air Magic


You couldn't memorise any spells.
You knew the following spells:

 Your Spells              Type           Power        Failure   Level  Hunger
a - Magic Dart            Conj           ####         1%          1    N/A
b - Blink                 Tloc           N/A          16%         2    N/A
c - Mephitic Cloud        Conj/Pois/Air  #####...     1%          3    N/A
d - Conjure Ball Lightni  Conj/Air       ######....   19%         6    N/A
e - Fireball              Conj/Fire      #####.....   9%          5    N/A
f - Searing Ray           Conj           ######..     1%          2    N/A
g - Orb of Destruction    Conj           ######....   22%         7    N/A
h - Lightning Bolt        Conj/Air       ######..     1%          4    N/A
i - Bolt of Cold          Conj/Ice       ######....   21%         6    N/A

Your spell library contained the following spells:

 Spells                   Type           Power        Failure   Level  Hunger
 Ozocubu's Refrigeration  Ice            #####.....   61%         6    N/A
 Flame Tongue             Conj/Fire      #####        1%          1    N/A
 Conjure Flame            Conj/Fire      #####...     1%          3    N/A
 Sticky Flame             Conj/Fire      #####...     3%          4    N/A
 Ensorcelled Hibernation  Hex/Ice        #####.       9%          2    N/A
 Inner Flame              Hex/Fire       N/A          11%         3    N/A
 Corona                   Hex            ###....      13%         1    N/A
 Call Imp                 Summ           ###...       16%         2    N/A
 Flaming Arrows           Chrm/Fire      ###.....     19%         2    N/A
 Shackle                  Hex            ###.....     19%         2    N/A
 Yara's Violent Unravell  Hex/Tmut       ###.......   30%         4    N/A
 False Image              Hex/Summ       ####....     32%         3    N/A
 Cause Fear               Hex            ###.......   73%         4    N/A
 Borgnjor's Vile Clutch   Necr/Erth      ###.......   100%        6    N/A
 Darkness                 Hex            ###.......   100%        6    N/A
 Infestation              Hex/Tmut/Pois  ###......    100%        6    N/A
 Shadow Creatures         Summ           N/A          100%        7    N/A
 Time Stop                Chrm/Tloc      N/A          100%        8    N/A
 Spider Form              Tmut/Pois      Unusable     N/A         3    N/A

Dungeon Overview and Level Annotations

Branches:
Dungeon (12/12)            Temple (1/1) D:6            Lair (6/6) D:9
 Shoals (1/3) Lair:2       Spider (0/3) Lair:3        Slime (0/5) Lair:6
    Orc (1/1) D:10            Elf (0/3) Orc          Vaults (0/3) D:11
 Depths (0/5) D:12

Altars:
Ashenzari
Cheibriados
Dithmenos
Gozag
Hepliaklqana
Kikubaaqudgha
Lugonu
Makhleb
Nemelex Xobeh
Okawaru
Qazlal
Ru
Sif Muna
Trog
Uskayaw
Vehumet
Wu Jian
Xom
Yredelemnul
Jiyva

Shops:
D:5 *(   Orc [(*:[

Annotations:
D:2 1 exclusion, Sigmund
D:4 1 exclusion
D:5 2 transporters, Essalna's ghost, novice FrFE
D:9 exclusions: orc warlord and 7 more exclusions
D:12 24 exclusions
Lair:1 exclusion: oklob plant
Shoals:1 Aizul


Innate Abilities, Weirdness & Mutations

You do not eat or drink.
Your flesh is vulnerable to fire.
You are immune to poison.
You possess an exceptional clarity of mind.
Your flesh is cold resistant. (rC+)
You are immune to negative energy. (rN+++)
You are immune to unholy pain and torment.
You can survive without breathing.
Your hexes are more powerful.


Message History

The wave splashes down.
A merfolk comes into view. It is wielding a +0 trident.
The manticore flicks its tail.
The volley of spikes hits you.
The barbed spikes become lodged in your body.
* * * LOW HITPOINT WARNING * * *
You hear an angry hiss.
Okay, then.
Unknown command.
As you read the scroll of teleportation, it crumbles to dust.
You feel strangely unstable.
The merfolk shouts!
The manticore flicks its tail.
The volley of spikes misses you.
Splash!
You fall into the shallow water.
Moving in this stuff is going to be slow.
The water nymph gestures at you. The torrent of water hits you!!
You die...

≈≈≈≈≈≈...
≈≈≈....
≈≈≈≈≈≈≈≈≈
≈≈.....
≈≈≈≈≈≈≈≈≈≈
≈≈≈....
≈≈≈≈≈≈≈≈≈≈≈
≈......
.......≈≈≈≈≈
≈≈.....
..####...≈≈≈≈
≈≈≈≈...###....#
≈≈≈
≈≈≈≈..≈....≈.##
≈≈≈
..≈≈≈≈m@...≈..#
.≈≈
≈.≈≈≈≈≈H.......
.≈≈
≈...≈..........
##.
..#.......≈≈≈≈.
## .
#....≈≈≈≈≈≈≈≈
#.
.m...≈≈≈≈≈≈≈≈≈
#.
..≈.%≈≈≈≈≈≈≈≈≈.
...
≈...≈≈≈≈≈≈≈≈≈≈≈
≈..


You could see a merfolk, a manticore and a water nymph.

Vanquished Creatures
  Kirke (Lair:3)
  An orc warlord (D:9)
  An ironheart preserver (D:11)
  Josephine (Lair:4)
  Urug (D:10)
  Erica (D:10)
  4 hydras
  The ghost of yrara the Cleaver, a journeyman DsFi of Gozag (D:10)
  A catoblepas (Lair:2)
  Psyche (D:8)
  3 two-headed ogres
  An alligator (Lair:5)
  A tengu warrior (D:12)
  A satyr (Shoals:1)
  6 orc high priests
  A centaur warrior (D:11)
  A wizard (D:12)
  An unseen horror (D:9)
  A gelid demonspawn (IceCv)
  2 wolf spiders
  A wolf spider zombie (D:12)
  A lindwurm (Lair:3)
  5 orc knights
  6 cyclopes
  2 ugly things
  An orc sorcerer (D:10)
  A deep elf mage (D:12)
  A manticore (shapeshifter) (D:12)
  A salamander (D:12)
  A black mamba (Lair:6)
  2 torpor snails
  10 elephants
  2 ice statues (IceCv)
  16 cane toads
  3 rime drakes
  An efreet (D:11)
  5 jumping spiders (Lair:3)
  3 yaktaurs
  7 ice devils (IceCv)
  5 komodo dragons
  A tengu conjurer (D:11)
  5 trolls
  A merfolk (Shoals:1)
  5 polar bears
  5 harpy skeletons
  A wolf spider simulacrum (D:12)
  5 hornets
  5 slime creatures
  Prince Ribbit (Lair:2)
  19 blink frogs
  9 hippogriffs
  9 dream sheep
  A meliai zombie (D:11)
  5 wraiths (Lair:4)
  2 vampires
  13 spriggans
  4 hogs (Lair:3)
  57 yaks
  4 basilisks
  4 hungry ghosts
  5 redbacks (Lair:3)
  5 wargs (D:10)
  10 crocodiles
  3 water moccasins
  4 porcupines
  29 orc warriors
  6 black bears
  5 ice beasts
  A soldier ant (D:12)
  4 sky beasts
  A phantom (D:12)
  25 wolves
  9 ogres
  4 boggarts (Lair:6)
  17 bullfrogs
  7 kobold brigands
  A rime drake skeleton (D:10)
  4 gnoll sergeants (D:10)
  12 centaurs
  A water moccasin zombie (D:9)
  A wyvern zombie (D:6)
  4 scorpions
  9 killer bees
  6 wights
  3 electric eels
  19 orc priests
  A wolf skeleton (D:10)
  A bullfrog zombie (D:6)
  11 crimson imps
  4 howler monkeys
  2 quasits
  A bullfrog skeleton (D:2)
  12 jellies
  9 hounds
  10 orc wizards
  Terence (D:2)
  3 iguanas
  10 worker ants
  3 hound skeletons
  22 gnolls
  6 adders
  2 shadow imps
  7 white imps (IceCv)
  3 ufetubi (IceCv)
  4 oozes
  An adder zombie (D:5)
  4 adder skeletons
  5 worms (D:2)
  5 dart slugs
  5 leopard geckos
  84 orcs
  12 bats
  2 giant cockroaches
  8 hobgoblins
  2 jackals (D:5)
  14 kobolds
  6 quokkas
  A ball python (D:1)
  7 frilled lizards
  5 goblins
  A quokka skeleton (D:6)
  3 rats
  2 fungi (Lair:6)
  A plant (Lair:6)
736 creatures vanquished.

Vanquished Creatures (collateral kills)
  A jumping spider (Lair:3)
  A scorpion (D:6)
2 creatures vanquished.

Vanquished Creatures (others)
  An orc knight (Orc)
  A yaktaur (D:12)
  A human (Lair:4)
  A killer bee (D:7)
  A shadow imp (D:6)
  5 white imps (IceCv)
  6 ufetubi (IceCv)
  46 ball lightnings
  38 fungi
  44 plants
144 creatures vanquished.

Grand Total: 882 creatures vanquished

Notes
Turn   | Place    | Note
-------+----------+-------------------------------------------
     0 | D:1      | Mehrunes the Mummy Wizard began the quest for the Orb.
     0 | D:1      | Reached XP level 1. HP: 13/13 MP: 5/5
    42 | D:1      | Reached skill level 1 in Conjurations
   178 | D:1      | Reached XP level 2. HP: 19/19 MP: 2/7
   495 | D:1      | Learned a level 2 spell: Blink
   721 | D:1      | Reached XP level 3. HP: 24/24 MP: 4/8
   757 | D:1      | Learned a level 3 spell: Mephitic Cloud
   761 | D:1      | Learned a level 3 spell: Conjure Flame
  1338 | D:2      | Reached XP level 4. HP: 29/30 MP: 3/10
  1688 | D:2      | Reached skill level 5 in Spellcasting
  2084 | D:2      | Noticed Sigmund
  2267 | D:2      | Reached XP level 5. HP: 31/35 MP: 1/12
  2447 | D:2      | Noticed Terence
  2483 | D:2      | Killed Terence
  3188 | D:3      | Reached skill level 1 in Fighting
  3267 | D:3      | Found an iron altar of Okawaru.
  3843 | D:3      | Reached skill level 1 in Polearms
  3843 | D:3      | Reached XP level 6. HP: 43/43 MP: 5/14
  4315 | D:4      | Noticed a sky beast
  4430 | D:4      | HP: 2/43 [sky beast (6)]
  4431 | D:4      | Killed a sky beast
  4432 | D:4      | Reached skill level 2 in Fighting
  4735 | D:4      | Found a hazy altar of Hepliaklqana.
  4921 | D:4      | Reached XP level 7. HP: 51/51 MP: 10/15
  4957 | D:4      | Reached skill level 3 in Fighting
  5691 | D:4      | Found an opulent altar of Gozag.
  5691 | D:4      | Found a glowing silver altar of Zin.
  6028 | D:5      | Entered Level 5 of the Dungeon
  6050 | D:5      | Found a transporter.
  6056 | D:5      | Found a transporter.
  6144 | D:5      | Found Eceu's Assorted Antiques.
  6334 | D:5      | Found a shadowy altar of Dithmenos.
  6396 | D:5      | Noticed Essalna's ghost (novice FrFE)
  6798 | D:5      | Found Tamues's Antique Weapon Boutique.
  6802 | D:5      | Bought a scorched morningstar for 216 gold pieces
  7023 | D:5      | Found a sacrificial altar of Ru.
  7503 | D:5      | Reached skill level 4 in Fighting
  7644 | D:6      | Found a staircase to the Ecumenical Temple.
  7652 | Temple   | Entered the Ecumenical Temple
  7740 | Temple   | Became a worshipper of Vehumet
  8084 | D:6      | Reached XP level 8. HP: 57/60 MP: 6/16
  8332 | D:6      | Found an ornate altar of the Wu Jian Council.
  8547 | D:6      | Found a shimmering altar of Xom.
  8827 | D:6      | Found a glowing golden altar of the Shining One.
  8960 | D:6      | Found a burning altar of Makhleb.
  8961 | D:6      | Noticed a blizzard demon
  8965 | D:6      | Noticed a smoke demon
  8965 | D:6      | Noticed a hellwing
  9105 | D:6      | Reached skill level 5 in Fighting
 10006 | D:7      | Reached * piety under Vehumet
 10006 | D:7      | Offered knowledge of Sandblast by Vehumet.
 10009 | D:7      | Learned a level 1 spell: Sandblast
 10307 | D:7      | Noticed a komodo dragon
 10515 | D:7      | Reached XP level 9. HP: 69/69 MP: 14/17
 10527 | D:7      | Reached skill level 6 in Fighting
 10532 | D:7      | Reached skill level 5 in Polearms
 10774 | D:6      | Reached skill level 5 in Dodging
 10998 | D:6      | Killed a komodo dragon
 11342 | D:7      | Found a sparkling altar of Nemelex Xobeh.
 11741 | D:7      | Found a hide-covered altar of Uskayaw.
 12040 | D:7      | Reached skill level 7 in Fighting
 12292 | D:7      | Reached ** piety under Vehumet
 12300 | D:7      | Offered knowledge of Searing Ray by Vehumet.
 12304 | D:7      | Learned a level 2 spell: Searing Ray
 12517 | D:7      | Found a glowing golden altar of the Shining One.
 13038 | D:8      | Reached XP level 10. HP: 47/80 MP: 9/19
 13281 | D:8      | Offered knowledge of Iskenderun's Mystic Blast by Vehumet.
 13286 | D:8      | Learned a level 3 spell: Iskenderun's Mystic Blast
 13418 | D:8      | Reached skill level 8 in Fighting
 13833 | D:8      | Noticed Psyche
 13849 | D:8      | Killed Psyche
 13850 | D:8      | Reached skill level 5 in Conjurations
 14104 | D:9      | Reached *** piety under Vehumet
 14476 | D:9      | Noticed a cyclops
 14488 | D:9      | Noticed a two-headed ogre
 14489 | D:9      | Killed a cyclops
 14651 | D:9      | Offered knowledge of Lightning Bolt by Vehumet.
 14670 | D:9      | Learned a level 4 spell: Lightning Bolt
 14734 | D:9      | Noticed an unseen horror
 14740 | D:9      | Killed an unseen horror
 14741 | D:9      | Reached skill level 9 in Fighting
 14741 | D:9      | Reached XP level 11. HP: 76/89 MP: 18/20
 14861 | D:9      | HP: 2/89 [yaktaur/bolt (18)]
 15055 | D:9      | Found a staircase to the Lair.
 15217 | D:9      | Killed a two-headed ogre
 15332 | D:9      | Found a stormy altar of Qazlal.
 15498 | Lair:1   | Entered Level 1 of the Lair of Beasts
 15563 | Lair:1   | Noticed a six-headed hydra
 15579 | Lair:1   | Killed a six-headed hydra
 15837 | Lair:1   | Reached **** piety under Vehumet
 16283 | Lair:1   | Offered knowledge of Ignite Poison by Vehumet.
 16330 | Lair:1   | Noticed an oklob plant
 16602 | Lair:2   | Reached skill level 10 in Fighting
 16602 | Lair:2   | Reached skill level 1 in Air Magic
 16638 | Lair:2   | Found a staircase to the Shoals.
 16979 | Lair:2   | Reached XP level 12. HP: 97/97 MP: 15/21
 17071 | Lair:2   | Noticed a catoblepas
 17120 | Lair:2   | Killed a catoblepas
 17827 | Lair:3   | Noticed Kirke
 18056 | Lair:3   | Noticed Prince Ribbit
 18070 | Lair:2   | Killed Prince Ribbit
 18108 | Lair:3   | Reached ***** piety under Vehumet
 18134 | Lair:3   | Offered knowledge of Bolt of Cold by Vehumet.
 18316 | Lair:3   | Found a hole to the Spider Nest.
 18510 | Lair:3   | Learned a level 6 spell: Bolt of Cold
 18897 | Lair:3   | Noticed a four-headed hydra
 18914 | Lair:3   | Killed a four-headed hydra
 18915 | Lair:3   | Reached skill level 1 in Ice Magic
 19530 | Lair:3   | Killed Kirke
 19531 | Lair:3   | Reached XP level 13. HP: 93/105 MP: 8/25
 19721 | Lair:4   | Reached skill level 11 in Fighting
 20390 | Lair:4   | Noticed Josephine
 20474 | Lair:4   | Killed Josephine
 20919 | Lair:4   | Offered knowledge of Orb of Destruction by Vehumet.
 21665 | Lair:4   | Learned a level 7 spell: Orb of Destruction
 23420 | Lair:6   | Entered Level 6 of the Lair of Beasts
 24081 | Lair:5   | Reached skill level 10 in Dodging
 24487 | Lair:6   | Found a viscous altar of Jiyva.
 24487 | Lair:6   | Found a staircase to the Slime Pits.
 24487 | Lair:6   | Found a viscous altar of Jiyva.
 24554 | Lair:6   | Offered knowledge of Poison Arrow by Vehumet.
 25059 | Lair:6   | Reached skill level 12 in Fighting
 25059 | Lair:6   | Reached XP level 14. HP: 114/114 MP: 4/27
 26301 | Lair:6   | Reached skill level 10 in Conjurations
 27021 | D:10     | Entered Level 10 of the Dungeon
 27341 | D:10     | Reached skill level 1 in Shields
 27502 | D:10     | Reached skill level 10 in Spellcasting
 27696 | D:10     | Offered knowledge of Bolt of Fire by Vehumet.
 27856 | D:10     | Found a runed translucent gate.
 27857 | D:10     | Found a runed translucent gate.
 27857 | D:10     | Found a runed translucent gate.
 27859 | D:10     | Found a staircase to the Orcish Mines.
 27891 | D:10     | Noticed yrara's ghost (journeyman DsFi)
 27893 | D:10     | Found a viscous altar of Jiyva.
 28380 | D:10     | Learned a level 5 spell: Fireball
 28422 | D:11     | Found a frozen archway.
 28445 | IceCv    | Entered an ice cave
 29416 | D:11     | Noticed Urug
 29542 | D:11     | Noticed Erica
 29977 | D:10     | Found a runed translucent gate.
 29978 | D:10     | Found a runed translucent gate.
 29978 | D:10     | Found a runed translucent gate.
 29982 | D:10     | Found a viscous altar of Jiyva.
 29987 | D:10     | Found a staircase to the Orcish Mines.
 30217 | D:10     | Killed Erica
 30769 | D:11     | Reached skill level 1 in Armour
 30843 | D:11     | Noticed an ironheart preserver
 30857 | D:10     | Killed Urug
 31325 | D:11     | Killed an ironheart preserver
 31374 | D:11     | Found a gate to the Vaults.
 31451 | D:11     | Offered knowledge of Icicle Burst by Vehumet.
 31844 | D:12     | Entered Level 12 of the Dungeon
 32654 | D:12     | Found a staircase to the Depths.
 33011 | D:12     | Reached XP level 15. HP: 109/122 MP: 30/30
 33057 | D:12     | Found a shadowy altar of Dithmenos.
 33425 | Orc      | Entered the Orcish Mines
 33431 | Orc      | Noticed an orc warlord
 33839 | D:10     | Found a runed translucent gate.
 33840 | D:10     | Found a runed translucent gate.
 33840 | D:10     | Found a runed translucent gate.
 33842 | D:10     | Found a staircase to the Orcish Mines.
 33858 | D:10     | Found a viscous altar of Jiyva.
 34439 | D:10     | Found a staircase to the Orcish Mines.
 35277 | D:10     | Found a runed translucent gate.
 35278 | D:10     | Found a runed translucent gate.
 35278 | D:10     | Found a runed translucent gate.
 35282 | D:10     | Found a viscous altar of Jiyva.
 35287 | D:10     | Found a staircase to the Orcish Mines.
 35732 | D:9      | Found a stormy altar of Qazlal.
 36059 | D:9      | Killed an orc warlord
 36422 | D:10     | Offered knowledge of Conjure Ball Lightning by Vehumet.
 36438 | D:10     | Learned a level 6 spell: Conjure Ball Lightning
 36597 | D:10     | Identified a scroll of acquirement
 38353 | D:10     | Offered knowledge of Ozocubu's Refrigeration by Vehumet.
 38443 | Orc      | Found a staircase to the Elven Halls.
 38583 | Orc      | Found Huusm's Antique Armour Emporium.
 39394 | Orc      | Reached skill level 5 in Shields
 39533 | Orc      | Found Huybuokk's Antique Weapon Shoppe.
 39535 | Orc      | Found Qaxzoxza's General Store.
 39539 | Orc      | Found Guttis's Book Emporium.
 39540 | Orc      | Found Ruer Ziu's Antique Armour Shoppe.
 39623 | Orc      | Bought the +0 Maxwell's etheric cage {RegenMP+ *Contam
                  | rElec Stlth-} for 920 gold pieces
 39623 | Orc      | Found the +0 Maxwell's etheric cage {RegenMP+ *Contam rElec
                  | Stlth-}
 39885 | D:10     | Killed yrara's ghost
 40171 | D:9      | Found a staircase to the Lair.
 40233 | Shoals:1 | Entered Level 1 of the Shoals
 40257 | Shoals:1 | Noticed Aizul
 40299 | Shoals:1 | Killed from afar by a water nymph

Skill      XL: |  1  2  3  4  5  6  7  8  9 10 11 12 13 14 15 |
---------------+----------------------------------------------+-----
Conjurations   | 1 2 3 4 5 7 8 9 11 | 11.7
Spellcasting   | 5 6 8 9 11 | 11.0
Fighting       | 1 2 4 5 7 9 10 12 | 12.6
Polearms       | 1 2 3 4 6 7 8 |  8.2
Dodging        | 2 3 4 6 7 8 9 10 | 10.4
Air Magic      | 2 4 |  4.6
Ice Magic      | 1 4 |  4.0
Shields        | 3 5 |  5.1
Armour         | 2 4 |  4.3
Stealth        | |  2.1
Summonings     | |  0.7
Translocations | |  0.7

Action                   |  1- 3 |  4- 6 |  7- 9 | 10-12 | 13-15 || total
-------------------------+-------+-------+-------+-------+-------++-------
Melee: Dagger            |     8 |    41 |       |       |       ||    49
       Spear             |       |   139 |    64 |       |    14 ||   217
       Halberd           |       |       |   230 |   273 |   230 ||   733
       Demon trident     |       |       |       |       |   259 ||   259
       Trident           |       |       |       |       |    10 ||    10
       Staff             |       |       |       |       |     4 ||     4
Throw: Tomahawk          |       |       |    11 |     4 |       ||    15
 Cast: Magic Dart        |    72 |   174 |   316 |    66 |    29 ||   657
       Blink             |     1 |     2 |    17 |     2 |    12 ||    34
       Conjure Flame     |     1 |     3 |    19 |    11 |     1 ||    35
       Mephitic Cloud    |       |    12 |    36 |    54 |    60 ||   162
       Searing Ray       |       |       |     8 |    48 |    85 ||   141
       Sandblast         |       |       |     3 |       |       ||     3
       Lightning Bolt    |       |       |       |     1 |    50 ||    51
       Iskenderun's Myst |       |       |       |    22 |    11 ||    33
       Orb of Destructio |       |       |       |       |    89 ||    89
       Bolt of Cold      |       |       |       |       |    52 ||    52
       Fireball          |       |       |       |       |    66 ||    66
       Conjure Ball Ligh |       |       |       |       |    24 ||    24
Evoke: Wand              |       |       |       |     7 |     5 ||    12
  Use: Scroll            |       |     2 |     6 |     5 |    27 ||    40
 Stab: Confused          |       |     5 |    11 |    34 |    25 ||    75
       Sleeping          |       |     1 |     1 |       |     1 ||     3
       Distracted        |       |       |     1 |       |     1 ||     2
Armor: Robe              |     7 |    38 |   122 |     4 |       ||   171
       Troll leather arm |       |       |       |    56 |   121 ||   177
       Ice dragon scales |       |       |       |       |    79 ||    79
Dodge: Dodged            |    12 |   141 |   351 |   348 |   686 ||  1538
Block: Buckler           |       |       |       |       |   228 ||   228
       Reflection        |       |       |       |       |    29 ||    29
